 Dungeon Crawl Stone Soup version 0.23-a0-296-ga3b1b28 (webtiles) character file.

1967 iamserjio the Carver (level 9, -2/85 HPs)
             Began as an Octopode Berserker on Oct 5, 2018.
             Was an Elder of Trog.
             Killed from afar by an orc wizard (11 damage)
             ... with a puff of flame
             ... on level 7 of the Dungeon.
             The game lasted 00:16:18 (2162 turns).

iamserjio the Carver (Octopode Berserker)           Turns: 2162, Time: 00:16:19

Health: -2/85      AC:  1    Str: 21    XL:     9   Next: 19%
Magic:  2/10       EV: 16    Int: 12    God:    Trog [****..]
Gold:   220        SH:  0    Dex: 12    Spells: 8/8 levels left

rFire    . . .     SeeInvis .   d - +0 great sword (freeze)
rCold    . . .     Gourm    .   (shield currently unavailable)
rNeg     . . .     Faith    .   (helmet restricted)
rPois    .         Spirit   .   E - amulet of the acrobat
rElec    .         Reflect  .   (no ring)
rCorr    .         Harm     .   (no ring)
MR       .....                  (no ring)
Stlth    ..........             (no ring)
HPRegen  0.24/turn              (no ring)
MPRegen  0.12/turn              (no ring)
                                (no ring)
                                (no ring)

@: berserking, very quick
A: almost no armour, stealthy swim, amphibious, 8 rings, constrict 8, camouflage
1, gelatinous body 1
a: Berserk, Trog's Hand, Brothers in Arms, Renounce Religion


You were on level 7 of the Dungeon.
You worshipped Trog.
Trog was greatly pleased with you.
You were very hungry.

You visited 1 branch of the dungeon, and saw 7 of its levels.
You also visited: Sewer.

You collected 220 gold pieces.

Inventory:

Hand Weapons
 a - a +0 falchion
 d - a +0 great sword of freezing (weapon)
 h - a +2 long sword of electrocution
 k - a +2 flail of venom
 n - a +0 blowgun
 t - a +0 lajatang
 x - a -3 short sword
 y - a cursed -3 dagger
 z - the +2 mace of the Endless March {drain, rC- Int+2 SInv}
   (You found it on level 5 of the Dungeon)

   A truly terrible weapon, it drains the life of those it strikes.
   It affects your intelligence (+2).
   It makes you vulnerable to cold.
   It lets you see invisible.
 A - the +10 mace of Hexku {freeze, *Corrode Dex+3 Stlth+}
   (You found it on level 5 of the Dungeon)

   It has been specially enchanted to freeze those struck by it, causing extra
   injury to most foes and up to half again as much damage against particularly
   susceptible opponents.
   It can also slow down cold-blooded creatures.
   It affects your dexterity (+3).
   It may corrode you when you take damage.
   It makes you more stealthy.
 D - a cursed -1 dagger
 F - a +2 short sword
Missiles
 g - 3 tomahawks (quivered)
 o - 33 poisoned needles
Jewellery
 w - an uncursed ring of ice
 E - an amulet of the acrobat (around mantle)
Wands
 B - a wand of iceblast (10)
Scrolls
 e - 3 scrolls of teleportation
 j - 2 scrolls of remove curse {@r2}
 r - 2 scrolls of amnesia {unknown}
 s - 2 scrolls of blinking {unknown}
 v - a scroll of enchant weapon {unknown}
 C - 2 scrolls of brand weapon {unknown}
Potions
 c - a potion of degeneration {unknown}
 f - a potion of resistance {unknown}
 i - a potion of might {unknown}
 l - 8 potions of curing {@q1}
 m - 4 potions of heal wounds
 p - 2 potions of flight {unknown}
 q - 2 potions of brilliance {unknown}
Comestibles
 b - 9 rations


   Skills:
 + Level 3.3 Fighting
 * Level 8.6 Long Blades
 + Level 6.4 Dodging
 + Level 8.0 Stealth
 - Level 2.0 Evocations


You had 8 spell levels left.
You didn't know any spells.
Your spell library contained the following spells:

 Spells                   Type           Power        Failure   Level  Hunger
 Confusing Touch          Hex            #.....       32%         1    ##.....
 Sting                    Conj/Pois      #...         32%         1    ##.....
 Poisonous Vapours        Pois/Air       #.....       45%         2    ###....
 Confuse                  Hex            #.......     69%         3    ####...
 Gell's Gravitas          Tloc           #.........   69%         3    ####...
 Mephitic Cloud           Conj/Pois/Air  #.......     69%         3    ####...
 Olgreb's Toxic Radiance  Pois           #.......     97%         4    #####..
 Petrify                  Tmut/Erth      #.......     97%         4    #####..
 Metabolic Englaciation   Hex/Ice        #.........   100%        5    ######.
 Venom Bolt               Conj/Pois      #.........   100%        5    ######.
 Yara's Violent Unravell  Hex/Tmut       #.........   100%        5    ######.


Dungeon Overview and Level Annotations

Branches:
Dungeon (7/15)             Temple (0/1) D:7

Altars:
Ashenzari
Elyvilon
Qazlal
Uskayaw
Xom

Annotations:
D:7 1 runed door, CcS's ghost, novice DsGl


Innate Abilities, Weirdness & Mutations

You cannot wear most types of armour.
You are very stealthy in the water. (Stealth+)
You are amphibious.
You can wear up to eight rings at the same time.
You can use your tentacles to constrict eight enemies at once.
Your skin changes colour to match your surroundings (Stealth+).
Your rubbery body absorbs attacks. (AC +1, EV +1)


Message History

You barely miss something. Something hits you.
* * * LOW HITPOINT WARNING * * *
Something hits you.
* * * LOW HITPOINT WARNING * * *
You feel your power leaking away.
You miss something. You squeeze something.
You hear some strange, mumbled words.
A magic dart appears from out of thin air!
The magic dart hits you!
* * * LOW HITPOINT WARNING * * *
You slash something! You freeze something. Trog accepts your kill.
Trog appreciates your killing of a magic user.
Reactivating autopickup.
You feel a bit more experienced.
You hear some strange, mumbled words.
A puff of flame appears from out of thin air!
Deactivating autopickup; reactivate with Ctrl-A.
The puff of flame hits you!
You die...

#. .# ♣. .#. ##
###...> ... ..
.....♣.♣. .#.##
........ ..o.
#..#..# #.>#
#.....# #..#
#.....###.#
#...@{.#
.#####..#)###
........#<#
#######.#........
#.########. #.#
#.# #.# #.#


There were no monsters in sight!

Vanquished Creatures
  An orc warrior (D:7)
  An ice beast (D:7)
  A phantom (D:5)
  2 ogres (D:5)
  2 centaurs (D:6)
  2 big kobolds (Sewer)
  A bullfrog (D:7)
  2 scorpions
  5 wights (D:6)
  A howler monkey (D:4)
  A crimson imp (D:5)
  2 bullfrog zombies
  2 hounds
  A jelly (D:6)
  5 orc wizards
  3 orc priests
  Crazy Yiuf (D:5)
  2 worker ants
  A hound skeleton (D:7)
  4 gnolls (D:3)
  9 river rats
  4 adders
  3 shadow imps
  An adder zombie (D:7)
  4 worms
  3 dart slugs
  3 leopard geckos
  16 orcs
  2 giant cockroaches
  A goblin (D:3)
  4 hobgoblins
  12 jackals
  19 kobolds
  3 quokkas
  7 ball pythons
  A bat (D:2)
  4 frilled lizards
  A quokka skeleton (D:5)
  A quokka zombie (D:6)
  20 rats
158 creatures vanquished.

Notes
Turn   | Place    | Note
-------+----------+-------------------------------------------
     0 | D:1      | iamserjio the Octopode Berserker began the quest for the
                  | Orb.
     0 | D:1      | Reached XP level 1. HP: 16/16 MP: 1/1
    28 | D:2      | Reached skill level 1 in Stealth
    28 | D:2      | Reached XP level 2. HP: 18/21 MP: 2/2
    61 | D:1      | You fall through a shaft!
   193 | D:2      | Found a stormy altar of Qazlal.
   197 | D:2      | Reached XP level 3. HP: 24/26 MP: 3/3
   341 | D:3      | Reached XP level 4. HP: 31/31 MP: 4/4
   344 | D:3      | Reached ** piety under Trog
   399 | D:3      | Found a glowing drain.
   407 | Sewer    | Entered a sewer
   439 | Sewer    | Noticed a big kobold
   443 | Sewer    | Reached XP level 5. HP: 28/36 MP: 5/5
   445 | Sewer    | Killed a big kobold
   476 | Sewer    | Noticed a big kobold
   484 | Sewer    | Killed a big kobold
   484 | Sewer    | Reached skill level 5 in Long Blades
   484 | Sewer    | Reached XP level 6. HP: 20/42 MP: 6/6
   581 | Sewer    | Reached *** piety under Trog
   931 | D:4      | Reached XP level 7. HP: 40/46 MP: 7/7
   946 | D:4      | Noticed a dagger
   947 | D:4      | Noticed a dagger
   950 | D:4      | Found a hide-covered altar of Uskayaw.
   993 | D:4      | Reached skill level 5 in Stealth
  1033 | D:5      | Entered Level 5 of the Dungeon
  1106 | D:5      | Reached **** piety under Trog
  1106 | D:5      | Reached skill level 5 in Dodging
  1157 | D:5      | Reached XP level 8. HP: 16/52 MP: 8/8
  1240 | D:5      | Got a warped mace
  1243 | D:5      | Got a twisted mace
  1247 | D:5      | Found a runed door.
  1251 | D:5      | Noticed Crazy Yiuf
  1256 | D:5      | Killed Crazy Yiuf
  1324 | D:5      | Found a white marble altar of Elyvilon.
  1384 | D:5      | Reached skill level 1 in Evocations
  1433 | D:7      | Found a staircase to the Ecumenical Temple.
  1841 | D:6      | Reached XP level 9. HP: 56/56 MP: 10/10
  1898 | D:6      | Identified the +2 mace of the Endless March {drain, rC-
                  | Int+2 SInv} (You found it on level 5 of the Dungeon)
  1899 | D:6      | Identified the +10 mace of Hexku {freeze, *Corrode Dex+3
                  | Stlth+} (You found it on level 5 of the Dungeon)
  1920 | D:7      | Found a runed door.
  1920 | D:7      | Found a shimmering altar of Xom.
  1920 | D:7      | Noticed CcS's ghost (novice DsGl)
  1920 | D:7      | Noticed a mace of chaos
  2007 | D:7      | Found a shattered altar of Ashenzari.
  2162 | D:7      | Killed from afar by an orc wizard

Vault maps used:
D:1:      giann_horns, minmay_misc_feat_roman, minmay_liquid_box
D:2:      grunt_qazlal_clouds, first_ration
D:3:      lightli_sewer_entry_pipes
D:4:      dancing_weapons_uskayaw
D:5:      lemuel_doored_altar, uniq_crazy_yiuf_cottage
D:6:      minivault_11
D:7:      grunt_temple_overflow_gold_and_silver, grunt_dithmenos_smoke,
          lemuel_round_altar, minmay_temple_entry_trees, serial_shops, shop,
          ebering_ghost_xom, grunt_livestock
Sewer:    sewer_minmay_treatment

Skill      XL: |  1  2  3  4  5  6  7  8  9 |
---------------+----------------------------+-----
Stealth        | 1 2 3 4 6 7 8 |  8.0
Long Blades    | 4 5 6 8 |  8.6
Dodging        | 4 5 6 |  6.4
Evocations     | 2 |  2.0
Fighting       | |  3.3

Action                   |  1- 3 |  4- 6 |  7- 9 || total
-------------------------+-------+-------+-------++-------
Melee: Falchion          |    23 |       |       ||    23
       Constrict         |    11 |    25 |    35 ||    71
       Tentacles         |     6 |    16 |    35 ||    57
       Long sword        |     8 |    94 |   124 ||   226
       Great sword       |       |       |    13 ||    13
Invok: Berserk           |     1 |     1 |     2 ||     4
       Trog's Hand       |       |     1 |     5 ||     6
  Use: Scroll            |       |       |     6 ||     6
       Potion            |       |       |     1 ||     1
 Stab: Sleeping          |     5 |    10 |     5 ||    20
       Distracted        |     1 |       |       ||     1
  Eat: Chunk             |       |     2 |     7 ||     9
Armor: Skin              |       |     3 |     3 ||     6
Dodge: Dodged            |    19 |    59 |    97 ||   175
       Rpst.: Falchion   |     5 |       |       ||     5
       Long sword        |     4 |    20 |    24 ||    48
       Great sword       |       |       |     2 ||     2

Table legend:
 A = Non-vault XP
 B = Vault XP
 C = Vault XP percentage of total XP
 D = Non-vault monster count
 E = Vault monster count
 F = Vault count percentage of total count
                 A         B        C        D         E       F
            +---------+---------+-------+---------+---------+-------
      Total |    2384 |     427 |  15.2 |     105 |      53 |  33.5
            +---------+---------+-------+---------+---------+-------
        D:1 |       6 |       0 |   0.0 |       2 |       0 |   0.0
        D:2 |      31 |       0 |   0.0 |      13 |       0 |   0.0
        D:3 |      90 |      34 |  27.4 |      14 |       4 |  22.2
        D:4 |     198 |       0 |   0.0 |      12 |       0 |   0.0
        D:5 |     723 |      37 |   4.9 |      32 |       1 |   3.0
        D:6 |     757 |       0 |   0.0 |      21 |       0 |   0.0
        D:7 |     579 |       0 |   0.0 |      11 |       0 |   0.0
      Sewer |       0 |     356 | 100.0 |       0 |      48 | 100.0
            +---------+---------+-------+---------+---------+-------
